 Dungeon Crawl Stone Soup version 0.21.1-1-g345015f (webtiles) character file.

104 GrunderHorse the Shield-Bearer (level 5, -17/42 HPs)
             Began as a Formicid Fighter on Feb 25, 2018.
             Killed from afar by a crimson imp (21 damage)
             ... with a wand of acid (5)
             ... on level 3 of the Dungeon.
             The game lasted 00:03:08 (1982 turns).

GrunderHorse the Shield-Bearer (Formicid Fighter)   Turns: 1982, Time: 00:03:09

Health: -17/42     AC:  7    Str: 21    XL:     5   Next: 7%
Magic:  5/5        EV:  8    Int:  7    God:
Gold:   111        SH:  9    Dex: 11    Spells: 4/4 levels left

rFire    . . .     SeeInvis +   a - +0 war axe
rCold    . . .     Gourm    .   c - +0 shield
rNeg     . . .     Faith    .   b - +0 scale mail
rPois    .         Spirit   .   (helmet unavailable)
rElec    .         Reflect  .   (no cloak)
rCorr    .         Harm     .   (no gloves)
MR       .....                  (no boots)
Stlth    ..........             (no amulet)
HPRegen  0.14/turn              (no ring)
MPRegen  0.09/turn              (no ring)

@: lethally poisoned (-17 -> -29)
A: permanent stasis, dig shafts and tunnels, four strong arms, antennae 3
a: Dig, Shaft Self


You were on level 3 of the Dungeon.
You were not hungry.

You visited 1 branch of the dungeon, and saw 3 of its levels.

You collected 111 gold pieces.

Inventory:

Hand Weapons
 a - a +0 war axe (weapon)
Missiles
 n - 2 tomahawks (quivered)
Armour
 b - a +0 scale mail (worn)
 c - a +0 shield (worn)
Jewellery
 k - an uncursed ring of ice
Wands
 s - a wand of paralysis (8)
 t - a wand of iceblast (9)
Scrolls
 h - 4 scrolls of identify
 i - a scroll of immolation {unknown}
 j - a scroll of blinking {unknown}
 m - a scroll of enchant armour {unknown}
 o - a scroll of noise {unknown}
 q - a scroll of remove curse {unknown}
Potions
 d - a potion of might
 e - a potion of lignification {unknown}
 g - a potion of curing {unknown}
 l - a potion of flight {unknown}
 p - a potion of mutation {unknown}
Comestibles
 f - 6 rations
 r - a chunk of flesh


   Skills:
 + Level 3.9 Fighting
 * Level 3.4 Axes
 + Level 4.0 Armour
 + Level 4.3 Shields


You had 4 spell levels left.
You didn't know any spells.

Dungeon Overview and Level Annotations

Branches:
Dungeon (3/15)

Altars:
Ashenzari


Innate Abilities, Weirdness & Mutations

You cannot be hasted, slowed, berserked, paralysed or teleported.
You can dig through walls and to a lower floor.
Your four strong arms can wield two-handed weapons with a shield.
You have a pair of large antennae on your head. (SInv)


Message History

A kobold comes into view. It is wielding a short sword.
You hit the crimson imp.
The crimson imp is heavily wounded.
You feel sick. You block the crimson imp's attack.
Your shield and scale mail prevent you from hitting the crimson imp.
The crimson imp is heavily wounded.
You feel sick.
The crimson imp hits you with a short sword of venom.
You hit the crimson imp.
The crimson imp is heavily wounded.
You closely miss the frilled lizard.
You feel sick.
The crimson imp laughs crazily.
The crimson imp zaps a wand.
The bolt of acid hits you!
You are splashed with acid!
The acid burns!
* * * LOW HITPOINT WARNING * * *
It is a wand of acid (5).
The frilled lizard bites you but does no damage.
The crimson imp zaps a wand.
The bolt of acid hits you!
Ouch! That really hurt!
You die...

#..........#
#..........#
#..........#######
#.............)...
#...........####..
#...........# #..
#...........# #..
#(.....<....# #..
+@..........# #..
#l5.........# ###
.K#....#.##.#
##.#.##.#.#... {
#.#.#.... ..#
..... ... ... #.#
#.. #### ..#


You could see a crimson imp, a kobold and a frilled lizard.

Vanquished Creatures
  5 adders
  3 worms (D:2)
  A dart slug (D:1)
  5 bats
  5 giant cockroaches
  6 goblins
  A hobgoblin (D:1)
  7 jackals (D:1)
  A quokka (D:2)
  3 frilled lizards
  4 kobolds
  8 rats
49 creatures vanquished.

Notes
Turn   | Place    | Note
-------+----------+-------------------------------------------
     0 | D:1      | GrunderHorse the Formicid Fighter began the quest for the Orb.
     0 | D:1      | Reached XP level 1. HP: 18/18 MP: 1/1
    77 | D:1      | Reached XP level 2. HP: 24/24 MP: 2/2
   347 | D:1      | Reached XP level 3. HP: 27/29 MP: 3/3
   702 | D:2      | Found a shattered altar of Ashenzari.
  1145 | D:2      | Reached XP level 4. HP: 35/37 MP: 4/4
  1719 | D:3      | Reached XP level 5. HP: 19/42 MP: 5/5
  1982 | D:3      | Killed from afar by a crimson imp

Skill      XL: |  1  2  3  4  5 |
---------------+----------------+-----
Shields        | 4 |  4.3
Axes           | 3 |  3.4
Armour         | 4 |  4.0
Fighting       | |  3.9

Action                   |  1- 3 |  4- 6 || total
-------------------------+-------+-------++-------
Melee: War axe           |   106 |    48 ||   154
  Use: Scroll            |     1 |       ||     1
  Eat: Chunk             |       |     4 ||     4
Armor: Scale mail        |    72 |    25 ||    97
Dodge: Dodged            |    42 |    18 ||    60
Block: Shield            |    73 |    29 ||   102
